cohdb
Replays
Latest Replays
All Replays
Popular Replays
Top Player Replays
Match Explorer
How It Works
Community
CoH3 Stats
Reddit
Sign in to upload your games and track your stats! →
Sign in with Steam
Match 40811015
Unlisted
Match 40811015
Overview
Messages
Build Orders
End
Kradschützen Motorcycle Team
Selects Italian Combined Arms Battlegroup
Selects Bersaglieri Squad
Bersaglieri Squad
250 Light Carrier
Bersaglieri Squad
Construct Light Support Kompanie
Selects Bersaglieri Bolster
Bersaglieri Squad
Panzerjäger Squad
Construct Mechanized Kompanie
Support Armor Elements
Selects Semovente da 75/18 Assault Gun
StuG III D Assault Gun
StuG III D Assault Gun
Pak 38 Mechanized Group
Selects Breda Model 30 Light Machine Guns
2.5-tonne Medical Truck
Construct Panzerarmee Kommand
Selects Carro Armato M13/40 Light Tank
Panzer III L Medium Tank
Panzerjäger Squad
deadsadbadmad
Studano
0
0
Comments
sign in to comment!
No comments posted yet!